 Dungeon Crawl Stone Soup version 0.18.1-8-gdd0e5ea (console) character file.

42 Kloppie the Charmwright (level 3, 0/25 HPs)
             Began as a High Elf Skald on June 8, 2016.
             Slain by a white imp (2 damage)
             ... summoned by Natasha
             ... on level 2 of the Dungeon.
             The game lasted 00:01:39 (1219 turns).

Kloppie the Charmwright (High Elf Skald)            Turns: 1219, Time: 00:01:40

Health: 0/25       AC:  4    Str: 11    XL:     3   Next: 33%
Magic:  7/7        EV: 12    Int: 15    God:
Gold:   62         SH:  0    Dex: 16    Spells: 1 memorised, 5 levels left

rFire  . . .     SeeInvis .     a - +0 falchion
rCold  . . .     Gourm    .     b - +0 leather armour
rNeg   . . .     Faith    .     (no shield)
rPois  .         Spirit   .     (no helmet)
rElec  .         Dismiss  .     (no cloak)
rCorr  .         Reflect  .     (no gloves)
SustAt .         Harm     .     (no boots)
MR     .....                    (no amulet)
Stlth  +.........               (no ring)
                                (no ring)

@: slowed, very slow, not resistant to hostile enchantments, very unstealthy
A: shaggy fur 1
a: no special abilities


You were on level 2 of the Dungeon.
You were not hungry.

You visited 1 branch of the dungeon, and saw 2 of its levels.

You collected 62 gold pieces.

Inventory:

Hand Weapons
 a - a +0 falchion (weapon)
Armour
 b - a +0 leather armour (worn)
Scrolls
 e - a scroll of remove curse {unknown}
 f - a scroll of enchant weapon {unknown}
 g - a scroll of fear {unknown}
 j - a scroll of identify {unknown}
 k - a scroll of magic mapping {unknown}
 n - a scroll of blinking {unknown}
Potions
 i - a potion of flight {unknown}
 o - a potion of haste {unknown}
Books
 c - a book of Battle

   Spells                             Type                      Level
   a - Infusion                       Charms                       1
   b - Shroud of Golubria             Charms/Translocation         2
   c - Song of Slaying                Charms                       2
   d - Spectral Weapon                Hexes/Charms                 3
   e - Regeneration                   Charms/Necromancy            3
Comestibles
 d - a bread ration
 l - 6 chunks of flesh
 m - a royal jelly


   Skills:
 + Level 2.6 Fighting
 + Level 3.5 Long Blades
 - Level 0.8 Armour
 + Level 2.0 Dodging
 - Level 2.4 Spellcasting
 - Level 3.6 Charms


You had 5 spell levels left.
You knew the following spells:

 Your Spells              Type           Power        Failure   Level  Hunger
a - Infusion              Chrm           ##..         10%         1    #......


Dungeon Overview and Level Annotations

Branches:
Dungeon (2/15)

Altars:

Annotations:
D:2 Natasha


Innate Abilities, Weirdness & Mutations

You are covered in fur (AC +1).


Message History

The magic dart hits you! The white imp gestures at you.
The puff of frost misses you. Natasha claws you!
* * * LOW HITPOINT WARNING * * *
You are too injured to fight recklessly!
You are too injured to fight recklessly!
You hit Natasha.
Natasha is heavily wounded.
The white imp gestures at you. The puff of frost hits you!
* * * LOW HITPOINT WARNING * * *
Natasha casts a spell at you. The magic dart hits you!
* * * LOW HITPOINT WARNING * * *
The worm closely misses you. The white imp misses you. Natasha misses you.
Drink which item? (? for menu, Esc to quit)
It was a potion of beneficial mutation.
Fur sprouts all over your body.
You feel fantastic! The white imp hits you.
You die...

###### ...........#
.....##...........#
.....##...........#
.....##...........####
.....##...............
......+....#...$...#
.....##....#.......#####
.....##....#..!........#
......'†........@.......
#.#####....###.w5h.....#
#.# ###+## #.........#
#.# .# #.........#
#)#######.## ####.######
............ ?#
#.##......# .#
#.##......# .#
#(........#


You could see a worm, Natasha and a white imp.

Vanquished Creatures
  3 dart slugs
  A giant gecko (D:2)
  2 bats (D:1)
  4 giant cockroaches (D:1)
  3 goblins
  4 hobgoblins
  3 jackals (D:1)
  2 ball pythons (D:1)
  2 giant newts
  4 kobolds
  3 rats (D:1)
31 creatures vanquished.

Notes
Turn   | Place    | Note
--------------------------------------------------------------
     0 | D:1      | Kloppie the High Elf Skald began the quest for the Orb.
     0 | D:1      | Reached XP level 1. HP: 14/14 MP: 4/4
    86 | D:1      | Reached XP level 2. HP: 12/19 MP: 6/6
   839 | D:1      | Reached XP level 3. HP: 24/25 MP: 7/7
  1210 | D:2      | Noticed Natasha
  1219 | D:2      | Gained mutation: You are covered in fur (AC +1). [potion of beneficial mutation]
  1219 | D:2      | Slain by a white imp

Skill      XL: |  1  2  3 |
---------------+----------+-----
Long Blades    | 3 |  3.5
Dodging        | 2 |  2.0
Fighting       | |  2.6
Armour         | |  0.8
Spellcasting   | |  2.4
Charms         | |  3.6

Action                   || total
-------------------------++-------
Melee: Falchion          ||   105
  Use: Potion            ||     1
 Stab: Sleeping          ||     4
       Distracted        ||     1
  Eat: Chunk             ||     1
Armor: Leather armour    ||    25
Dodge: Dodged            ||    84
